AoeStats
← Zumoshi

Hideout

507705991Analyzed
1v1 RM · 14d ago on Sep 19, 2026· 66m 50s· 2 players
Game mode
Random Map
Map size
Tiny (2 player)
Population
200
Speed
Normal
Resources
Standard
Victory
Conquest
Starting age
Dark Age
Ending age
Imperial Age
RankedLock teamsTeams togetherTeam positionsShared explorationLock speedFull tech treeHidden civsTurbo modeCheats
Victory
Defeat
🇮🇱 Bulgarians · Israel
1180
+16
🇨🇭 Ethiopians · Switzerland
1186
-16
Zumoshi
7:23 Loom
10:49 Feudal Age
13:08 Forging
13:18 Scale Mail Armor
13:52 Arson
17:01 Double-Bit Axe
19:19 Fletching
20:04 Padded Archer Armor
24:43 Castle Age
25:36 Bodkin Arrow
25:04 Elite Skirmisher
28:09 Bow Saw
27:48 Horse Collar
29:12 Wheelbarrow
31:08 Gold Mining
31:43 Scale Barding Armor
33:25 Chain Barding Armor
37:01 Iron Casting
40:52 Imperial Age
39:30 Stirrups
41:07 Heavy Plow
41:28 Bloodlines
41:19 Husbandry
42:48 Elite Konnik
43:54 Conscription
44:05 Chain Mail Armor
44:50 Blast Furnace
44:28 Hand Cart
45:04 Thumb Ring
47:59 Murder Holes
48:26 Ballistics
48:12 Siege Engineers
51:56 Plate Mail Armor
52:02 Plate Barding Armor
54:17 Squires
54:52 Light Cavalry
56:25 Bracer
56:41 Leather Archer Armor
57:31 Chemistry
57:08 Devotion
57:34 Illumination
57:27 Hussar
62:34 Crop Rotation
63:23 Masonry
VilmosErwin
2:07 Loom
10:11 Feudal Age
10:29 Man-at-Arms
11:14 Double-Bit Axe
11:11 Horse Collar
13:32 Scale Mail Armor
15:35 Fletching
23:19 Castle Age
23:10 Scale Barding Armor
28:13 Chain Mail Armor
28:08 Forging
29:12 Heavy Plow
30:03 Bodkin Arrow
30:55 Forging
30:48 Gold Mining
31:03 Stone Mining
32:25 Bow Saw
33:49 Royal Heirs
36:31 Iron Casting
39:10 Wheelbarrow
42:17 Imperial Age
41:40 Hand Cart
41:30 Squires
41:16 Arson
42:27 Elite Shotel Warrior
43:38 Conscription
44:08 Plate Mail Armor
44:50 Blast Furnace
48:09 Town Watch
50:57 Sanctity
51:26 Bracer
51:26 Padded Archer Armor
51:44 Crossbowman
52:30 Thumb Ring
52:29 Arbalester
54:26 Chemistry
54:22 Ballistics
56:56 Heavy Scorpion
60:51 Elite Skirmisher
61:12 Light Cavalry
62:22 Husbandry
63:03 Hussar
Connection lost

Rejoining the realm…

Still unreachable

The connection could not be restored.

Session expired

The server has moved on; the page needs a fresh start.